AoeStats
← Wall

MegaRandom

504675300Analyzed
1v1 RM · 26d ago on Sep 6, 2026· 96m 49s· 2 players
Game mode
Random Map
Map size
Tiny (2 player)
Population
200
Speed
Normal
Resources
Standard
Victory
Conquest
Starting age
Dark Age
Ending age
Imperial Age
RankedLock teamsTeams togetherTeam positionsShared explorationLock speedFull tech treeHidden civsTurbo modeCheats
Victory
Defeat
🇨🇳 Saracens · China
787
+17
🇲🇽 Aztecs · Mexico
803
-17
Wall
5:05 Loom
11:02 Feudal Age
11:36 Double-Bit Axe
12:39 Fishing Lines
21:07 Fletching
27:51 Castle Age
27:37 Padded Archer Armor
28:48 Medium Warships
28:32 Gillnets
31:03 Bow Saw
31:02 Gold Mining
32:09 Forging
45:04 Fervor
47:56 Bloodlines
47:47 Husbandry
47:08 Light Cavalry
48:00 Scale Barding Armor
50:10 Iron Casting
50:19 Gold Shaft Mining
53:34 Imperial Age
51:44 Wheelbarrow
51:35 Stone Mining
53:08 Sanctity
53:09 Bimaristan
53:29 Chain Barding Armor
53:05 Bodkin Arrow
54:26 Hand Cart
54:56 Conscription
55:39 Blast Furnace
56:22 Hoardings
56:27 Plate Barding Armor
56:58 Elite Mameluke
57:50 Town Watch
69:43 Chemistry
69:04 Ballistics
68:40 Murder Holes
68:56 Masonry
71:41 Siege Engineers
71:18 Treadmill Crane
71:32 Hussar
82:15 Horse Collar
85:37 Heavy Plow
86:04 Town Patrol
87:45 Two-Man Saw
90:56 Pikeman
91:37 Squires
91:00 Elite Skirmisher
91:47 Thumb Ring
91:45 Bracer
92:01 Leather Archer Armor
91:46 Scale Mail Armor
FatalityShot187
11:01 Loom
16:13 Feudal Age
19:58 Double-Bit Axe
26:26 Castle Age
25:30 Fletching
31:50 Gold Mining
33:43 Gold Shaft Mining
42:40 Bodkin Arrow
43:56 Fishing Lines
45:09 Wheelbarrow
44:54 Horse Collar
45:51 Heavy Plow
49:52 Imperial Age
48:42 Hand Cart
48:42 Bow Saw
48:34 Padded Archer Armor
50:34 Atlatl
50:43 Town Watch
50:51 Gillnets
53:07 Conscription
53:40 Ballistics
53:02 Treadmill Crane
52:54 Eagle Warrior
54:08 Stone Mining
54:45 Scale Mail Armor
55:49 Squires
56:42 Town Patrol
56:55 Elite Skirmisher
58:49 Elite Eagle Warrior
59:14 Arson
59:43 Forging
60:24 Murder Holes
60:35 Siege Engineers
63:14 Fortified Wall
62:52 Arrowslits
65:22 Chemistry
68:01 Chain Mail Armor
67:48 Bracer
68:03 Leather Archer Armor
68:24 Iron Casting
68:04 Chain Mail Armor
67:31 Pikeman
69:49 Coinage
69:15 Capped Ram
74:41 Blast Furnace
74:12 Plate Mail Armor
75:01 Siege Ram
Connection lost

Rejoining the realm…

Still unreachable

The connection could not be restored.

Session expired

The server has moved on; the page needs a fresh start.